 Dungeon Crawl Stone Soup version 0.27.1-3-gb3d3a73c9e (webtiles) character file.

Game seed: 15363196846148920347

483 Trumpetguy the Grave Robber (level 6, -2/32 HPs)
             Began as a Deep Elf Necromancer on Oct 6, 2021.
             Was an Initiate of Sif Muna.
             Blown up by Ijyb (22 damage)
             ... with a mindburst bolt
             ... on level 5 of the Dungeon.
             The game lasted 00:55:34 (6841 turns).

Trumpetguy the Grave Robber (Deep Elf Necromancer)  Turns: 6841, Time: 00:55:34

Health: -2/32      AC:  7    Str:  5    XL:     6   Next: 88%
Magic:  5/15       EV: 13    Int: 28    God:    Sif Muna [......]
Gold:   286        SH:  0    Dex: 15    Spells: 1/14 levels left

rFire    . . .     SeeInvis .   l - staff of cold
rCold    + . .     Faith    .   (no shield)
rNeg     . . .     Spirit   .   a - +0 robe
rPois    .         Reflect  .   c - +0 helmet
rElec    .         Harm     .   (no cloak)
rCorr    .         Rampage  .   (no gloves)
Will     .....                  (no boots)
Stlth    +++.......             (no amulet)
HPRegen  0.10/turn              f - +6 ring of intelligence
MPRegen  0.14/turn              i - +4 ring of protection

@: no status effects
A: no striking features
a: Renounce Religion


You were on level 5 of the Dungeon.
You worshipped Sif Muna.
Sif Muna was noncommittal.
You visited 1 branch of the dungeon, and saw 5 of its levels.

You collected 286 gold pieces.

Inventory:

Hand Weapons
 s - a +0 dagger of speed
Missiles
 j - 3 curare-tipped darts
 o - 11 poisoned darts
Armour
 a - a +0 robe (worn)
 c - a +0 helmet (worn)
Magical Staves
 l - a staff of cold (weapon)
Jewellery
 f - a +6 ring of intelligence (left hand)
 i - a +4 ring of protection (right hand)
 n - a +4 ring of evasion
Scrolls
 e - a scroll of vulnerability {unknown}
 g - a scroll of immolation {unknown}
 h - a scroll of identify
 p - a scroll of noise {unknown}
 q - a scroll of enchant armour {unknown}
 r - a scroll of blinking {unknown}
 t - a scroll of teleportation {unknown}
 u - a scroll of brand weapon {unknown}
Potions
 b - a potion of brilliance {unknown}
 d - 2 potions of might
 k - a potion of invisibility {unknown}
 m - a potion of curing {unknown}


   Skills:
 - Level 4.2 Dodging
 + Level 4.0 Stealth
 - Level 4.8 Spellcasting
 * Level 3.0 Conjurations
 - Level 6.1 Necromancy
 * Level 3.0 Translocations


You had one spell level left.
You knew the following spells:

 Your Spells              Type           Power      Damage    Failure   Level
a - Pain                  Necr           100%       1d9       1%          1
b - Animate Skeleton      Necr           82%        N/A       1%          1
c - Vampiric Draining     Necr           20%        2d8       1%          3
d - Animate Dead          Necr           20%        N/A       5%          4
e - Iskenderun's Mystic   Conj/Tloc      23%        2d6       21%         4

Your spell library contained the following spells:

 Spells                   Type           Power      Damage    Failure   Level
 Dazzling Flash           Conj/Hex       30%        N/A       11%         3
 Agony                    Necr           41%        N/A       16%         5
 Starburst                Conj/Fire      7%         6d4       99%         6


Dungeon Overview and Level Annotations

Branches:
Dungeon (5/15)
 Temple: D:4-7

Altars:
Elyvilon
Gozag
Makhleb
Qazlal
Sif Muna
Zin

Annotations:
D:3 exclusions: iron imp and 1 more exclusion, SquidGame's ghost, amateur TeBe
D:4 Sif Muna Spellbook beyond deep water
D:5 Ijyb


Message History

Your target is gone.
You can't see any susceptible monsters within range! (Use Z to cast anyway.)
Casting: Pain (safe; 1% risk of failure)
Confirm with . or Enter, or press ? or * to list all spells.
The spell is quite dangerous to cast (5% risk of failure)!
Continue anyway?
Okay, then.
Casting: Animate Dead (quite dangerous; 5% risk of failure)
Confirm with . or Enter, or press ? or * to list all spells.
The spell is quite dangerous to cast (5% risk of failure)!
Continue anyway?
You call on the dead to rise...
The dead are crawling!
Ijyb shouts!
Ijyb resists with significant effort.
Your scorpion zombie is unaffected.
Ijyb hits your scorpion zombie with a +0 dagger.
Your scorpion zombie hits Ijyb.
Your scorpion zombie is unaffected.
Ijyb hits your scorpion zombie with a +0 dagger.
Your scorpion zombie hits Ijyb.
Your scorpion zombie is unaffected.
Ijyb hits your scorpion zombie with a +0 dagger.
Your scorpion zombie hits Ijyb.
Your scorpion zombie is unaffected.
Ijyb hits your scorpion zombie with a +0 dagger.
Your scorpion zombie barely misses Ijyb.
Your scorpion zombie is unaffected.
Ijyb hits your scorpion zombie but does no damage.
Your scorpion zombie hits Ijyb.
Your scorpion zombie is unaffected.
Ijyb hits your scorpion zombie with a +0 dagger.
Your scorpion zombie is destroyed!
Ijyb shouts!
Ijyb resists with significant effort.
Casting: Pain (safe; 1% risk of failure)
Confirm with . or Enter, or press ? or * to list all spells.
Okay, then.
Ijyb zaps a wand.
Your mind is blasted!
Ijyb grins evilly.
Ijyb zaps a wand.
Your mind is blasted!
Ouch! That really hurt!
You die...

##################
#.................
#.################
## #.# # #.# #.# #
###.. #.# ## #....
#.# #####.
#....##.# ##....#
###....#@# #>.♣..#
.......#.##
##...##
..........# ######
........g.# #
.....#....#..## #
...# #........# ..
#............ .
#.............
#..............


You could see Ijyb.

Vanquished Creatures
  An ogre (D:5)
  A scorpion (D:5)
  A howler monkey (D:4)
  A hound (D:5)
  A jelly (D:5)
  An iguana (D:4)
  2 orc wizards (D:4)
  2 gnolls (D:5)
  5 adders
  3 dart slugs (D:1)
  4 orcs
  10 ball pythons
  5 bats
  4 endoplasms
  4 giant cockroaches
  8 goblins
  5 hobgoblins
  5 jackals
  6 quokkas
  4 frilled lizards (D:1)
  7 kobolds
  6 rats
86 creatures vanquished.

Vanquished Creatures (collateral kills)
  An adder (D:5)
  An adder skeleton (D:2)
2 creatures vanquished.

Vanquished Creatures (others)
  A butterfly (D:4)
  A plant (D:5)
2 creatures vanquished.

Grand Total: 90 creatures vanquished

Notes
Turn   | Place    | Note
-------+----------+-------------------------------------------
     0 | D:1      | Trumpetguy the Deep Elf Necromancer began the quest for the
                  | Orb.
     0 | D:1      | Reached XP level 1. HP: 10/10 MP: 6/6
    57 | D:1      | Reached skill level 5 in Necromancy
   271 | D:1      | Reached XP level 2. HP: 13/15 MP: 6/8
   330 | D:1      | Learned a level 1 spell: Animate Skeleton
  1118 | D:1      | Reached XP level 3. HP: 19/19 MP: 7/9
  1938 | D:2      | Learned a level 3 spell: Vampiric Draining
  2400 | D:2      | Reached skill level 6 in Necromancy
  2731 | D:2      | Reached XP level 4. HP: 23/24 MP: 8/10
  2998 | D:2      | Learned a level 4 spell: Animate Dead
  3165 | D:3      | Found a stormy altar of Qazlal.
  3165 | D:3      | Found a runed translucent gate.
  3165 | D:3      | Found a runed translucent gate.
  3375 | D:3      | Found a burning altar of Makhleb.
  3560 | D:3      | Found a runed translucent gate.
  3561 | D:3      | Found an opulent altar of Gozag.
  3837 | D:3      | Noticed SquidGame's ghost (amateur TeBe)
  4050 | D:4      | Reached XP level 5. HP: 23/28 MP: 6/12
  4151 | D:4      | Reached skill level 1 in Translocations
  4276 | D:4      | Found a white marble altar of Elyvilon.
  4437 | D:4      | Reached skill level 1 in Conjurations
  4831 | D:4      | Found a glowing silver altar of Zin.
  4898 | D:4      | Found a shimmering blue altar of Sif Muna.
  4906 | D:4      | Became a worshipper of Sif Muna the Loreminder
  5648 | D:2      | Learned a level 4 spell: Iskenderun's Mystic Blast
  6291 | D:5      | Entered Level 5 of the Dungeon
  6307 | D:5      | Reached XP level 6. HP: 28/32 MP: 10/15
  6826 | D:5      | Noticed Ijyb
  6841 | D:5      | Blown up by Ijyb

Illustrated notes

Levels and vault maps discovered:
D:1:      zelgadis_glass_arrival_small, layout_basic, minmay_surrounded
D:2:      layout_basic, kennysheep_nondescript, amcnicky_mini_corridor_feature
D:3:      layout_rooms, nicolae_qazlal_scattered_showers, demons_altar,
          ebering_ghost_gozag, minmay_circle_x
D:4:      layout_loops_ring, zin_academy, led_sif_book,
          nicolae_elyvilon_peaceful_grove
D:5:      layout_cave_pools, mainiacjoe_overflow_cross_hatched,
          mainiacjoe_overflow_alcove_2, ashenzari_conservatory_becter,
          serial_gnoll_camp, gnoll_camp_mini_shop, gnoll_camp_mini_loothouse,
          gnoll_camp_mini_basic, gnoll_camp_huts_basic, grunt_ministairs_4,
          st_stairs_12, corexii_shack, hex_tiny, nicolae_specific_store,
          uniq_ijyb

Skill      XL: |  1  2  3  4  5  6 |
---------------+-------------------+-----
Necromancy     | 5 6 |  6.1
Dodging        | 3 4 |  4.2
Stealth        | 3 4 |  4.0
Spellcasting   | 4 |  4.8
Translocations | 1 3 |  3.0
Conjurations   | 1 3 |  3.0

Action                   |  1- 3 |  4- 6 || total
-------------------------+-------+-------++-------
Melee: Unarmed           |     7 |       ||     7
 Cast: Pain              |    73 |    99 ||   172
       Animate Skeleton  |     2 |     2 ||     4
       Animate Dead      |       |     7 ||     7
       Vampiric Draining |       |     5 ||     5
       Iskenderun's Myst |       |     1 ||     1
  Use: Scroll            |       |     2 ||     2
 Stab: Distracted        |     1 |       ||     1
Armor: Robe              |     1 |     8 ||     9
Dodge: Dodged            |     3 |    15 ||    18
